Map: Ever Dream LE

Players

DnS - Winner!

  • Race: Protoss Protoss
  • Spawn Location: 7:00

SortOf

  • Race: Zerg Zerg
  • League: Grandmaster
  • Spawn Location: 1:00

Event: DreamHack SC2 Masters 2020 Summer Europe

VOD

Have the link to the VOD?

Description

Time

  • Played on: July 3, 2020, 11:10 a.m.
  • Length: 13:28

All games in this series

Show
View Real Time Build Order
Export as new Build Order

DnS Protoss - Winner!

Build Orders: 1 Gate Expand, Oracle Opening, Zealot Archon 

Get SALT Encoding   

  12  0:00  Probe  
  13  0:12  Probe  
  14  0:18  Pylon  
  14  0:24  Probe  
  15  0:32  Probe  
  15  0:40  Gateway, Probe  
  16  0:49  Assimilator  
  17  0:51  Probe  
  18  1:03  Probe  
  19  1:15  Probe  
  20  1:25  Nexus  
  20  1:36  Cybernetics Core  
  20  1:40  Probe  
  21  1:47  Assimilator  
  21  1:53  Probe  
  22  1:54  Pylon  
  22  2:03  Adept  
  22  2:05  Probe  
  25  2:17  Probe  
  25  2:18  Stargate  
  26  2:23  Adept  
  26  2:27  Warp Gate  
  26  2:29  Probe  
  27  2:33  Probe  
  29  2:41  Probe x2  
  32  2:51  Probe  
  32  2:53  Adept, Probe  
  32  2:56  Oracle  
  36  3:04  Probe  
  36  3:05  Probe  
  41  3:10  Pylon  
  41  3:18  Probe x2  
  43  3:22  Gateway  
  43  3:24  Adept  
  45  3:30  Probe x2  
  50  3:42  Probe  
  50  3:43  Pylon  
  51  3:49  Probe  
  52  3:58  Oracle  
  50  4:04  Probe x2  
  52  4:15  Assimilator x2  
  52  4:16  Probe x2  
  52  4:17  Adept  
  56  4:18  Adept  
  56  4:21  Nexus  
  56  4:23  Pylon  
  58  4:28  Probe x2  
  58  4:31  Oracle  
  60  4:33  Pylon  
  60  4:35  Robotics Facility  
  60  4:40  Probe  
  60  4:42  Stalker, Pylon  
  66  4:52  Probe x2  
  68  5:04  Probe  
  68  5:05  Probe  
  68  5:06  Sentry x2  
  74  5:17  Twilight Council, Probe x2  
  74  5:18  Forge  
  76  5:29  Probe  
  76  5:33  Immortal  
  81  5:38  Probe x2  
  81  5:42  Gateway x2, Protoss Ground Weapons Level 1  
  83  5:47  Sentry x2, Probe  
  83  5:48  Shield Battery, Probe  
  88  5:50  Probe  
  88  5:55  Probe  
  90  6:00  Probe  
  90  6:03  Probe  
  93  6:04  Gateway  
  93  6:05  Gateway  
  93  6:06  Probe  
  94  6:13  Immortal, Probe  
  94  6:15  Probe  
  94  6:18  Probe  
  98  6:20  Assimilator  
  98  6:22  Assimilator  
  98  6:24  Charge  
  98  6:25  Probe  
  96  6:27  Probe  
  96  6:28  Templar Archives  
  97  6:37  Gateway  
  97  6:38  Gateway  
  97  6:43  Warp Prism  
  97  6:44  Gateway  
  97  6:45  Gateway  
  97  6:46  Probe x2, Pylon  
  99  6:51  Photon Cannon  
  101  6:54  Photon Cannon  
  101  7:01  Pylon  
  101  7:02  Pylon  
  101  7:04  Pylon  
  101  7:12  High Templar x4  
  109  7:16  Pylon  
  109  7:17  Archon x2  
  109  7:19  Observer  
  109  7:21  Protoss Ground Weapons Level 2  
  109  7:27  Pylon  
  110  7:30  Zealot x2  
  110  7:33  Nexus  
  114  7:38  Pylon  
  114  7:39  High Templar x2  
  114  7:40  Immortal, Zealot x2  
  114  7:43  Archon  
  126  7:48  Probe x2  
  126  7:49  Probe  
  129  7:52  Photon Cannon  
  129  7:53  Photon Cannon  
  129  7:55  Zealot x3  
  133  8:08  Probe x2  
  133  8:09  Photon Cannon  
  135  8:24  High Templar x2  
  135  8:25  High Templar x2  
  135  8:26  Zealot x6  
  155  8:28  Archon  
  155  8:29  Archon  
  155  8:32  Probe x3  
  155  8:33  Assimilator  
  152  8:36  Assimilator  
  152  8:46  Photon Cannon  
  152  8:49  Pylon  
  152  9:03  Warp Prism  
  152  9:04  High Templar x3  
  152  9:05  High Templar  
  148  9:11  Photon Cannon, Archon  
  148  9:12  Photon Cannon, Archon  
  148  9:14  Photon Cannon  
  148  9:15  Zealot  
  148  9:16  Zealot x5  
  150  9:29  Psionic Storm  
  150  9:33  Protoss Ground Weapons Level 3  
  150  9:40  High Templar  
  150  9:41  High Templar x3  
  158  9:49  Pylon  
  158  9:50  Photon Cannon  
  158  9:52  Colossus, High Templar  
  160  9:57  Stalker  
  162  10:07  Zealot x4  
  170  10:20  Nexus  
  162  10:25  Zealot x3  
  162  10:26  Zealot x3  
  174  10:39  Gateway  
  174  10:40  Gateway, High Templar x4  
  182  10:45  Archon x2, Pylon  
  182  11:02  Zealot x6  
  180  11:07  Probe x2  
  171  11:13  Probe  
  171  11:14  Blink  
  166  11:22  High Templar x6  
  162  11:26  Archon x2  
  162  11:27  High Templar  
  156  11:35  High Templar  
  156  11:38  Zealot x4  
  156  11:39  Archon  
  166  11:42  Probe x4  
  166  11:43  Probe  
  171  11:52  Pylon  
  171  11:54  Probe  
  156  12:07  Zealot x3  
  156  12:08  Zealot x9  
  167  12:15  Probe x3  
  170  12:16  Probe x2  
  173  12:27  Probe x2  
  157  12:30  Zealot x11  
  157  12:31  Zealot  
  151  12:42  Zealot x7  
  151  12:43  Immortal  
  155  12:45  Probe x2  
  155  12:46  Photon Cannon  
  155  12:47  Probe x2  
  155  12:48  Photon Cannon  
  131  13:00  Archon x2  
  131  13:03  High Templar  
  131  13:04  High Templar x4  
  123  13:06  Zealot x7  
Show
View Real Time Build Order
Export as new Build Order

SortOf Zerg 

Build Orders: Hatch First 

Get SALT Encoding   

  12  0:01  Drone  
  13  0:13  Overlord  
  13  0:16  Drone  
  14  0:31  Drone x2  
  16  0:39  Drone  
  17  0:52  Hatchery  
  17  0:55  Drone  
  17  0:58  Drone  
  17  1:03  Extractor  
  17  1:13  Spawning Pool  
  16  1:18  Drone  
  16  1:21  Drone  
  18  1:30  Drone  
  19  1:42  Drone  
  20  1:50  Overlord  
  20  2:00  Queen  
  22  2:03  Queen  
  22  2:05  Zergling x4  
  26  2:10  Metabolic Boost  
  26  2:12  Drone  
  26  2:15  Drone  
  28  2:25  Drone x2  
  30  2:37  Hatchery  
  30  2:43  Drone x2  
  31  2:47  Overlord  
  31  2:53  Queen  
  33  2:59  Drone x2  
  33  3:02  Zergling x2  
  35  3:10  Zergling x2  
  35  3:11  Zergling x2  
  37  3:16  Queen  
  37  3:17  Drone x3  
  42  3:24  Overlord  
  42  3:26  Drone  
  43  3:34  Spore Crawler  
  42  3:36  Spore Crawler  
  42  3:38  Drone x2  
  43  3:45  Drone x2  
  45  3:49  Drone x2  
  46  3:55  Drone x3  
  46  4:01  Drone x2  
  47  4:03  Drone  
  47  4:09  Drone, Queen  
  51  4:11  Drone  
  51  4:15  Overlord  
  51  4:16  Spore Crawler  
  51  4:17  Queen  
  51  4:22  Overlord  
  51  4:23  Drone  
  51  4:24  Drone  
  55  4:27  Extractor  
  55  4:29  Zergling x2  
  55  4:36  Zergling x4  
  55  4:38  Zergling x6  
  60  4:44  Roach Warren, Drone x5  
  60  4:45  Drone  
  65  4:46  Drone  
  66  4:54  Overlord  
  66  4:56  Drone x2  
  66  5:05  Drone, Lair  
  65  5:08  Overlord x2  
  65  5:09  Overlord  
  65  5:13  Drone x3  
  68  5:14  Drone  
  68  5:19  Drone x3  
  73  5:21  Drone  
  73  5:24  Overlord  
  73  5:30  Drone x4  
  73  5:33  Extractor  
  73  5:35  Evolution Chamber, Extractor  
  73  5:36  Drone x2  
  73  5:42  Overlord  
  75  5:44  Drone x7  
  75  5:47  Extractor  
  75  5:48  Drone, Extractor  
  81  5:54  Overlord  
  81  6:02  Overlord x2  
  80  6:06  Zerg Melee Weapons Level 1, Drone x3  
  80  6:10  Hatchery, Baneling Nest  
  76  6:12  Drone x3  
  76  6:17  Drone x3  
  79  6:21  Roach  
  79  6:22  Roach  
  79  6:24  Roach  
  85  6:28  Overseer, Roach x2  
  89  6:36  Roach x4  
  89  6:37  Glial Reconstitution  
  97  6:41  Overseer  
  97  6:45  Overlord  
  103  6:47  Roach x3  
  103  6:48  Drone  
  103  6:52  Drone x4  
  108  6:56  Drone x3  
  108  6:59  Ravager  
  108  7:00  Ravager x3  
  115  7:03  Roach x2  
  119  7:08  Roach x2  
  119  7:09  Roach  
  119  7:11  Drone x2  
  119  7:13  Drone  
  125  7:18  Zergling x8  
  129  7:23  Zergling x10  
  129  7:25  Overseer  
  129  7:27  Roach  
  136  7:35  Zergling x2  
  136  7:36  Zergling x12  
  142  7:43  Ravager x4  
  141  7:46  Baneling x8, Overlord  
  141  7:47  Roach, Zergling x6  
  141  7:48  Roach  
  148  7:54  Unknown  
  146  8:01  Zerg Melee Weapons Level 2  
  146  8:02  Drone x3  
  146  8:04  Drone x2  
  148  8:06  Zergling x18  
  148  8:12  Baneling x5  
  157  8:13  Baneling x6  
  157  8:17  Zergling x6  
  158  8:27  Zergling x4  
  158  8:31  Overlord x2  
  157  8:34  Zergling x6  
  157  8:38  Overlord  
  157  8:39  Baneling  
  157  8:40  Baneling x13  
  160  8:43  Overlord  
  160  8:49  Zergling x22  
  171  8:59  Zergling x12  
  171  9:00  Queen  
  175  9:06  Zergling x10  
  175  9:07  Zergling x6  
  175  9:08  Centrifical Hooks  
  175  9:20  Zergling x12  
  178  9:32  Drone x2  
  178  9:34  Ravager  
  178  9:35  Zergling x4  
  178  9:36  Overlord  
  178  9:37  Overlord x2  
  183  9:45  Overlord  
  183  9:49  Baneling x18  
  183  9:50  Baneling x6  
  183  9:51  Overlord  
  183  10:00  Zergling x24  
  195  10:10  Roach x2  
  199  10:17  Zerg Missile Weapons Level 1  
  196  10:29  Baneling  
  196  10:30  Baneling x15  
  196  10:32  Zergling x8  
  200  10:42  Infestation Pit  
  195  10:45  Zergling x10  
  200  10:52  Baneling  
  200  10:53  Baneling x5  
  197  11:00  Zergling x26  
  196  11:06  Zergling x4  
  196  11:09  Zergling x2  
  196  11:11  Zergling x4  
  188  11:15  Zergling x2  
  179  11:21  Hive  
  169  11:26  Zergling x8  
  169  11:31  Roach, Queen x2  
  173  11:35  Baneling x15  
  173  11:36  Baneling x6  
  177  11:40  Zergling x8  
  177  11:42  Ravager  
  177  11:43  Roach x2, Ravager x2  
  184  11:51  Baneling x9  
  184  11:53  Zergling x4  
  156  12:02  Hatchery, Zergling x14  
  155  12:08  Zergling x4  
  155  12:15  Roach x2  
  151  12:21  Roach x4  
  155  12:26  Roach x5  
  152  12:32  Roach  
  152  12:35  Roach  
  139  12:38  Roach  
  139  12:44  Roach  
  138  12:46  Baneling x4  
  138  12:48  Zergling x4  
  135  12:54  Zergling x4  
  103  12:59  Zergling x2  
  103  13:05  Zergling x2  
Tags
 
Add a new tag
Caveats
  • Supply blocks, unpowered buildings, or Contaminate may cause inaccurate times.
  • Supply counts are checked every 10 seconds.